 Dungeon Crawl Stone Soup version 0.30-a0-879-ga8ba668304 (webtiles) character file.

Game seed: 16968319901289740613

46 cforsyth the Poker (level 3, 0/37 HPs)
             Began as an Ogre Reaver on Mar 14, 2023.
             Slain by a gnoll
             ... wielding a +0 club
              (3 damage)
             ... on level 2 of the Dungeon.
             The game lasted 00:02:03 (909 turns).

cforsyth the Poker (Ogre Reaver)                     Turns: 909, Time: 00:02:03

Health: 0/37       AC:  3    Str: 18    XL:     3   Next: 68%
Magic:  6/6        EV:  9    Int: 14    God:
Gold:   52         SH:  0    Dex:  7    Spells: 7/8 levels left

rFire   . . .      SeeInvis .    a - +0 spear
rCold   x . .      Faith    .    (no shield)
rNeg    . . .      Spirit   .    b - +0 robe
rPois   .          Reflect  .    (helmet restricted)
rElec   .          Rampage  .    (no cloak)
rCorr   .                        (gloves unavailable)
Will    .....                    (boots unavailable)
Stlth   +                        (no amulet)
HPRegen 0.26/turn                (no ring)
MPRegen 0.10/turn                (no ring)

@: no status effects
A: large, unfitting armour, tough skin 1, claws 1, low MP 1, sense surroundings
1, cold vulnerability 1
a: no special abilities


You were on level 2 of the Dungeon.
You visited 1 branch of the dungeon, and saw 2 of its levels.

You collected 52 gold pieces.

Inventory:

Hand Weapons
 a - a +0 spear (weapon)
Armour
 b - a +0 robe (worn)
Scrolls
 e - a scroll of immolation
 h - a scroll of enchant weapon


   Skills:
 + Level 3.3 Fighting
 + Level 3.3 Polearms
 + Level 2.2 Dodging
 + Level 3.0 Spellcasting
 + Level 3.0 Conjurations


You had 7 spell levels left.
You knew the following spells:

 Your Spells              Type           Power      Damage    Failure   Level
a - Kiss of Death         Conj/Necr      24%        2d7       12%         1

Your spell library contained the following spells:

 Spells                   Type           Power      Damage    Failure   Level
 Momentum Strike          Conj/Tloc      12%        3d8       17%         2
 Hailstorm                Conj/Ice       6%         3d4       34%         3


Dungeon Overview and Level Annotations

Branches:
Dungeon (2/15)

Altars:


Innate Abilities, Weirdness & Mutations

You are too large for most types of armour.
You have tough skin. (AC +1)
You have sharp fingernails.
Your magical capacity is low. (-10% MP)
You passively map a small area around you.
You are vulnerable to cold. (rC-)


Message History

You feel invigorated.
The gnoll hits you from afar with a +0 spear.
* * * LOW HITPOINT WARNING * * *
The gnoll hits you with a +0 club.
* * * LOW HITPOINT WARNING * * *
The gnoll barely misses you. x2
The gnoll barely misses you. x2
The gnoll hits you from afar with a +0 spear.
The gnoll barely misses you.
The gnoll hits you from afar with a +0 spear.
The gnoll hits you with a +0 club.
* * * LOW HITPOINT WARNING * * *
The gnoll completely misses you. The gnoll hits you with a +0 club.
* * * LOW HITPOINT WARNING * * *
The gnoll closely misses you. The gnoll hits you with a +0 club!
* * * LOW HITPOINT WARNING * * *
The gnoll hits you from afar with a +0 spear.
* * * LOW HITPOINT WARNING * * *
The gnoll barely misses you.
Unknown command.
You feel less invigorated.
You feel less confused.
The gnoll hits you from afar with a +0 spear.
* * * LOW HITPOINT WARNING * * *
The gnoll barely misses you.
Unknown command.
Okay, then.
It was a potion of mutation.
You feel extremely strange.
You feel vulnerable to cold.
You feel less energetic.
You feel a strange attunement to the structure of the dungeons.
Your fingernails lengthen.
The gnoll closely misses you. The gnoll barely misses you.
Unknown command.
As you read the scroll labelled NIPIL HUYCUCS, it crumbles to dust.
It is a scroll of identify.
h - a scroll of enchant weapon The gnoll hits you from afar with a +0 spear.
* * * LOW HITPOINT WARNING * * *
The gnoll hits you with a +0 club.
You die...

, * , , * * * , *
##### #### #..#.####
####.#.# #.....#.##
##.#.?..# *
#....$...##
##..[...# *
#........@# #......#
##.....g## ##...g##
#.....g.###...gg.#
#........#....#.g##
#.......###....r..#
#####....#....###.##
#.......### #..###
#....>.( #....#
#....... #....#


You could see 2 gnolls.

Vanquished Creatures
  A gnoll (D:2)
  2 dart slugs (D:1)
  4 ball pythons
  A bat (D:1)
  3 endoplasms
  3 giant cockroaches
  3 goblins (D:1)
  2 hobgoblins (D:1)
  3 jackals (D:1)
  2 quokkas (D:1)
  A frilled lizard (D:2)
  2 kobolds (D:1)
  3 rats (D:1)
30 creatures vanquished.

Notes
Turn   | Place    | Note
-------+----------+-------------------------------------------
     0 | D:1      | cforsyth the Ogre Reaver began the quest for the Orb.
     0 | D:1      | Reached XP level 1. HP: 22/22 MP: 3/3
   233 | D:1      | Reached XP level 2. HP: 25/29 MP: 5/5
   399 | D:1      | Reached XP level 3. HP: 33/37 MP: 7/7
   908 | D:2      | Gained mutation: You are vulnerable to cold. (rC-) [potion
                  | of mutation]
   908 | D:2      | Gained mutation: Your magical capacity is low. (-10% MP)
                  | [potion of mutation]
   908 | D:2      | Gained mutation: You passively map a small area around you.
                  | [potion of mutation]
   908 | D:2      | Gained mutation: You have sharp fingernails. [potion of
                  | mutation]
   909 | D:2      | Slain by a gnoll

Illustrated notes

Levels and vault maps discovered:
D:1:      mrwooster_arrival_arrow, layout_loops_ring
D:2:      layout_rooms, ebering_ecumenical_altar_sacrificial,
          nicolae_figureground_sparkle, uniq_natasha, uniq_jessica

Skill      XL: |  1  2  3 |
---------------+----------+-----
Fighting       | 3 |  3.3
Dodging        | 2 |  2.2
Conjurations   | 3 |  3.0
Spellcasting   | 3 |  3.0
Polearms       | |  3.3

Action                     || total
---------------------------++-------
  Melee: Spear             ||   127
    Use: Potion            ||     3
         Scroll            ||     2
 Armour: Robe              ||    25
  Dodge: Dodged            ||    70

Table legend: (Time is in decaauts)
 A = Elapsed time spent in this place.
 B = Non-inter-level travel time spent in this place.
 C = Inter-level travel time spent in this place.
 D = Time resting spent in this place.
 E = Time spent auto-exploring this place.
 F = Levels seen in this place.
 G = Mean time per level.
                   A        B        C        D        E       F      G
               +--------+--------+--------+--------+--------+-----+--------+
         Total |    901 |    872 |     29 |      0 |    663 |   2 |  450.5 |
       Dungeon |    901 |    872 |     29 |      0 |    663 |   2 |  450.5 |
               +--------+--------+--------+--------+--------+-----+--------+

Top non-repeatable levels by time:
     D:1: 842 daAuts
     D:2: 59 daAuts
